 Dungeon Crawl Stone Soup version 0.29.1-15-g9cfb28693d (webtiles) character file.

Game seed: 15883765294812693676

28 protoss039 the Digger (level 3, 26/26 HPs)
             Began as a Demonspawn Earth Elementalist on Mar 12, 2023.
             Got out of the dungeon alive.
             The game lasted 00:01:11 (1195 turns).

protoss039 the Digger (DsEE)                        Turns: 1195, Time: 00:01:12

Health: 26/26      AC:  5    Str:  8    XL:     3   Next: 0%
Magic:  6/6        EV: 10    Int: 18    God:
Gold:   110        SH:  4    Dex: 13    Spells: 3/6 levels left

rFire   . . .      SeeInvis .   f - +0 dagger
rCold   . . .      Faith    .   (no shield)
rNeg    . . .      Spirit   .   c - +0 ring mail
rPois   .          Reflect  .   (no helmet)
rElec   .          Harm     .   (no cloak)
rCorr   .          Rampage  .   (no gloves)
Will    .....                   (no boots)
Stlth   +.........              (no amulet)
HPRegen 0.08/turn               (no ring)
MPRegen 0.10/turn               (no ring)

@: no status effects
A: large bone plates 1, foul stench 1
a: no special abilities


You escaped.
You visited 1 branch of the dungeon, and saw 2 of its levels.

You collected 110 gold pieces.

Inventory:

Hand Weapons
 f - a +0 dagger (weapon)
Armour
 c - a +0 ring mail (worn)
Scrolls
 a - a scroll of noise {unknown}
 e - a scroll of teleportation {unknown}
 h - a scroll of acquirement {unknown}
Potions
 b - a potion of magic
 d - a potion of might {unknown}
 g - a potion of curing {unknown}


   Skills:
 + Level 1.3 Fighting
 - Level 1.7 Dodging
 - Level 1.7 Stealth
 + Level 2.4 Spellcasting
 - Level 0.8 Transmutations
 + Level 3.1 Earth Magic


You had 3 spell levels left.
You knew the following spells:

 Your Spells              Type           Power      Damage    Failure   Level
a - Sandblast             Erth           26%        2d8       16%         1
b - Passwall              Tmut/Erth      7%         N/A       34%         2

Your spell library contained the following spells:

 Spells                   Type           Power      Damage    Failure   Level
 Foxfire                  Conj/Fire      8%         2x1d4     47%         1
 Stone Arrow              Conj/Erth      14%        3d7       63%         3
 Petrify                  Tmut/Erth      9%         N/A       93%         4


Dungeon Overview and Level Annotations

Branches:
Dungeon (2/15) Zot: 10792

Altars:


Innate Abilities, Weirdness & Mutations

You are partially covered in large bone plates. (SH +4)
You may rarely emit foul miasma when damaged in melee.


Message History

There is a stone staircase leading down here.
You now have 110 gold pieces (gained 9).
A bat comes into view.
A bat is nearby!
A bat is nearby!
A bat is nearby!
Casting: Sandblast (safe; 17% risk of failure)
Confirm with . or Enter, or press ? or * to list all spells.
Aiming: Sandblast (safe; 17% risk of failure)
Press: ? - help, Shift-Dir - straight line, f - bat
Aim: a bat (asleep, 100% to hit)
You miscast Sandblast.
You are very lightly contaminated with residual magic.
Nothing appears to happen.
Unknown command.
A bat is nearby!
Casting: Sandblast (safe; 17% risk of failure)
Confirm with . or Enter, or press ? or * to list all spells.
Aiming: Sandblast (safe; 17% risk of failure)
Press: ? - help, Shift-Dir - straight line, f/p - bat
Aim: a bat (asleep, 100% to hit)
The blast of sand hits the bat.
You kill the bat!
You have reached level 3!
Your experience leads to an increase in your attributes!
Increase (S)trength, (I)ntelligence, or (D)exterity?
You feel clever. x2; Your demonic ancestry asserts itself...
You begin to emit a foul stench of rot and decay.
(D) Dungeon
Where to? (Enter - D:1 @ (x,y), ? - help)
What level of the Dungeon? (default 1, ? - help)
Your magical contamination has completely faded away.
There is a stone staircase leading up here.
You climb upwards.
There is a stone staircase leading down here.
Magic restored.
There is an open door here.
There is a staircase leading out of the dungeon here.
Are you sure you want to leave the Dungeon?
This will make you lose the game!
You have escaped!

..# #...#.##.#
#'#####.## ..#
#...#.##.###.# #..#
..# ####......##.#
##.# ..# ##.#######.#
#.## ..# #..# ##.##
#..## ..# #.##
##...## ##..# ### #.#
##..P..## ##.#
#.#####.......#####.#
#.+.....P.@.P.....+.#
#######.......#####.#
##(.P..## #.#
##...#######.#
##.###......#
#.###.###### #.##..#
#.##.## #+##.#


There were no monsters in sight!

Vanquished Creatures
  A dart slug (D:1)
  A ball python (D:1)
  5 bats
  2 endoplasms (D:1)
  2 giant cockroaches (D:1)
  2 goblins (D:1)
  2 jackals (D:1)
  2 quokkas
  2 frilled lizards (D:1)
  A kobold (D:1)
  4 rats
24 creatures vanquished.

Notes
Turn   | Place    | Note
-------+----------+-------------------------------------------
     0 | D:1      | protoss039 the Demonspawn Earth Elementalist began the
                  | quest for the Orb.
     0 | D:1      | Reached XP level 1. HP: 13/13 MP: 3/3
   329 | D:1      | Gained mutation: You are partially covered in large bone
                  | plates. (SH +4) [demonic ancestry]
   329 | D:1      | Reached XP level 2. HP: 20/20 MP: 0/5
   342 | D:1      | Reached skill level 1 in Fighting
   459 | D:1      | Reached skill level 3 in Earth Magic
  1032 | D:2      | Learned a level 2 spell: Passwall
  1076 | D:2      | Found a faded altar of an unknown god.
  1083 | D:2      | Got Plato's Papyrus of Blows and Bruises
  1132 | D:2      | Gained mutation: You may rarely emit foul miasma when
                  | damaged in melee. [demonic ancestry]
  1132 | D:2      | Reached XP level 3. HP: 26/26 MP: 3/6
  1195 | D:$      | Got out of the dungeon alive.

Illustrated notes

Levels and vault maps discovered:
D:1:      evilmike_arrival_plus, layout_basic
D:2:      layout_basic, shapermc_ecumenical_altar_rom_forum, basic_altar,
          serial_corexii_hall, chequers_hall_statues_y, corexii_hall_statues_s,
          corexii_hall_statues_s

Skill      XL: |  1  2 |
---------------+-------+-----
Fighting       | 1 |  1.3
Earth Magic    | 3 |  3.1
Dodging        | |  1.7
Stealth        | |  1.7
Spellcasting   | |  2.4
Transmutations | |  0.8

Action                   || total
-------------------------++-------
Melee: Dagger            ||    47
       Punch             ||     1
 Cast: Sandblast         ||    26
Armor: Ring mail         ||    24
Dodge: Dodged            ||    30
Block: Other             ||     9
